 Dungeon Crawl Stone Soup version 0.28-a0-1339-ga5422284a4 (webtiles) character file.

Game seed: 17890372966307931583

126 ReploidZero the Vexing (level 5, 0/28 HPs)
             Began as a Kobold Enchanter on Dec 28, 2021.
             Succumbed to a kobold's poison
             ... on level 3 of the Dungeon.
             The game lasted 00:07:53 (3629 turns).

ReploidZero the Vexing (Kobold Enchanter)           Turns: 3629, Time: 00:07:54

Health: 0/28       AC:  6    Str:  5    XL:     5   Next: 32%
Magic:  11/12      EV: 15    Int: 19    God:
Gold:   61         SH:  0    Dex: 15    Spells: 4/12 levels left

rFire   . . .      SeeInvis .   a - +2 dagger
rCold   . . .      Faith    .   (no shield)
rNeg    . . .      Spirit   .   b - +0 robe
rPois   .          Reflect  .   (no helmet)
rElec   .          Harm     .   (no cloak)
rCorr   .          Rampage  .   h - +1 pair of gloves
Will    .....      Rage     1%  (no boots)
Stlth   ++++......              (no amulet)
HPRegen 0.09/turn               (no ring)
MPRegen 0.13/turn               (no ring)

@: lethally poisoned (0 -> -5)
A: small, no large weapons, nightstalker 3, iridescent scales 1, berserk 1, high
mp 1
a: no special abilities


You were on level 3 of the Dungeon.
You visited 1 branch of the dungeon, and saw 3 of its levels.

You collected 61 gold pieces.

Inventory:

Hand Weapons
 a - a +2 dagger (weapon)
Armour
 b - a +0 robe (worn)
 h - a +1 pair of gloves (worn)
Potions
 c - a potion of invisibility
 d - a potion of haste


   Skills:
 - Level 1.3 Short Blades
 - Level 2.4 Dodging
 - Level 4.0 Stealth
 + Level 4.0 Spellcasting
 + Level 4.5 Hexes


You had 4 spell levels left.
You knew the following spells:

 Your Spells              Type           Power      Damage    Failure   Level
a - Ensorcelled Hibernat  Hex/Ice        24%        N/A       9%          2
b - Confusing Touch       Hex            20%        N/A       6%          3
c - Dazzling Flash        Conj/Hex       24%        N/A       16%         3

Your spell library contained the following spells:

 Spells                   Type           Power      Damage    Failure   Level
 Tukima's Dance           Hex            20%        N/A       6%          3


Dungeon Overview and Level Annotations

Branches:
Dungeon (3/15)

Altars:

Annotations:
D:3 Natasha


Innate Abilities, Weirdness & Mutations

You are small and have problems with some larger weapons.
You are completely attuned to the shadows.
You are partially covered in iridescent scales. (AC +2)
You tend to lose your temper in combat.
You have an increased reservoir of magic. (+10% MP)


Message History

Nothing appears to happen.
The kobold closely misses you.
You hit the kobold.
The kobold is severely wounded.
A kobold comes into view. It is wielding a +0 dagger.
The kobold misses you. The kobold closely misses you.
The kobold barely misses you.
You closely miss the kobold.
The kobold is severely wounded.
The kobold shouts!
The orc hits you with a +0 flail! The kobold misses you.
You hit the kobold but do no damage.
The kobold is severely wounded.
The orc misses you. The kobold hits you with a +0 club.
The kobold hits you with a +0 dagger.
The jelly quivers.
The orc misses you.
Your magical contamination has completely faded away.
The orc throws a stone.
The stone closely misses you.
The goblin shouts!
You hear a shout! x5
The kobold throws a poisoned dart.
The poisoned dart hits you!
You are poisoned.
You feel very sick.
The orc priest mumbles some strange prayers to Beogh against you.
Beogh smites you!
* * * LOW HITPOINT WARNING * * *
The goblin hits you but does no damage.
You hear a shout!
Unknown command.
Okay, then.
You aren't carrying any scrolls.
It was a potion of mutation.
You feel extremely strange.
You feel more energetic.
You feel a little pissed off.
Iridescent scales grow over part of your body.
* * * LOW HITPOINT WARNING * * *
You feel sick. The goblin misses you.
Okay, then.
* * * LOW HITPOINT WARNING * * *
You feel sick. The kobold closely misses you.
You die...

..................##
..........#......#
.....##..#......#
....###........#
#.............# .##..o###..## #
#..# ##..J....# ..#..#
..##KK.....
#.#..######.##g.@..#
#.........#.#.>o...# .....##
#....o#....#
......####..o..##### ...
............)#..# #...
................# ....
.<...........##############....
.........<..............)......
######.......###############...


You could see a jelly, 2 orc priests, 2 orcs, a goblin and 2 kobolds.

Vanquished Creatures
  Robin (D:2)
  4 adders (D:2)
  A worm (D:2)
  2 orcs
  4 ball pythons
  An endoplasm (D:1)
  7 giant cockroaches
  14 goblins
  9 hobgoblins
  2 quokkas
  8 bats
  3 frilled lizards
  5 kobolds
  4 rats
65 creatures vanquished.

Notes
Turn   | Place    | Note
-------+----------+-------------------------------------------
     0 | D:1      | ReploidZero the Kobold Enchanter began the quest for the
                  | Orb.
     0 | D:1      | Reached XP level 1. HP: 10/10 MP: 3/3
   174 | D:1      | Reached XP level 2. HP: 12/15 MP: 5/5
   354 | D:1      | Learned a level 2 spell: Ensorcelled Hibernation
   614 | D:1      | Reached XP level 3. HP: 19/19 MP: 7/7
  1008 | D:1      | Learned a level 3 spell: Confusing Touch
  1012 | D:1      | Learned a level 3 spell: Dazzling Flash
  1910 | D:2      | Reached XP level 4. HP: 17/24 MP: 8/8
  2331 | D:2      | Noticed Robin
  2546 | D:2      | Killed Robin
  2791 | D:2      | Reached XP level 5. HP: 24/28 MP: 10/10
  3248 | D:3      | Noticed Natasha
  3515 | D:3      | Found a faded altar of an unknown god.
  3627 | D:3      | Gained mutation: You have an increased reservoir of magic.
                  | (+10% MP) [potion of mutation]
  3627 | D:3      | Gained mutation: You tend to lose your temper in combat.
                  | [potion of mutation]
  3627 | D:3      | Gained mutation: You are partially covered in iridescent
                  | scales. (AC +2) [potion of mutation]
  3628 | D:3      | HP: 1/28 [poisoned by a kobold]
  3629 | D:3      | Succumbed to a kobold's poison

Illustrated notes

Levels and vault maps discovered:
D:1:      ebering_trefoil_3fold, layout_loops_ring,
          amcnicky_mini_corridor_feature, minmay_splitting_lines
D:2:      layout_basic, patterned_corridor, uniq_robin
D:3:      layout_rooms, hellmonk_ecumenical_altar_heavens_door, uniq_natasha

Skill      XL: |  1  2  3  4  5 |
---------------+----------------+-----
Spellcasting   | 3 4 |  4.0
Hexes          | 4 |  4.5
Short Blades   | |  1.3
Dodging        | |  2.4
Stealth        | |  4.0

Action                   |  1- 3 |  4- 6 || total
-------------------------+-------+-------++-------
Melee: Dagger            |   139 |   103 ||   242
 Cast: Ensorcelled Hiber |     2 |    14 ||    16
  Use: Scroll            |     3 |     3 ||     6
       Potion            |       |     1 ||     1
 Stab: Sleeping          |    19 |    10 ||    29
Armor: Robe              |    44 |    23 ||    67
Dodge: Dodged            |   120 |   119 ||   239

Table legend: (Time is in decaauts)
 A = Elapsed time spent in this place.
 B = Non-inter-level travel time spent in this place.
 C = Inter-level travel time spent in this place.
 D = Time resting spent in this place.
 E = Time spent auto-exploring this place.
 F = Levels seen in this place.
 G = Mean time per level.
                   A        B        C        D        E       F      G
               +--------+--------+--------+--------+--------+-----+--------+
         Total |   3616 |   3316 |    300 |      0 |   2473 |   3 | 1205.3 |
       Dungeon |   3616 |   3316 |    300 |      0 |   2473 |   3 | 1205.3 |
               +--------+--------+--------+--------+--------+-----+--------+

Top non-repeatable levels by time:
     D:2: 2210 daAuts
     D:1: 1207 daAuts
     D:3: 199 daAuts
